 Dungeon Crawl Stone Soup version 0.29-a0-25-g7f48f510a0 (webtiles) character file.

Game seed: 7680769385860927572

478 dolemite99 the Ducker (level 7, 0/56 HPs)
             Began as a Gnoll Gladiator on Feb 1, 2022.
             Was a Believer of Lugonu.
             Slain by a phantom (4 damage)
             ... on level 4 of the Dungeon.
             The game lasted 00:03:44 (3332 turns).

dolemite99 the Ducker (Gnoll Gladiator)             Turns: 3332, Time: 00:03:44

Health: 0/56       AC: 11    Str: 13 (15) XL:     7   Next: 11%
Magic:  10/10      EV:  7    Int:  4 (7)  God:    Lugonu [**....]
Gold:   144        SH:  0    Dex: 11 (14) Spells: 10/10 levels left

rFire   + . .      SeeInvis .   a - +0 quarterstaff
rCold   + + .      Faith    .   (shield currently unavailable)
rNeg    . . .      Spirit   .   f - +2 chain mail {rC+}
rPois   +          Reflect  .   c - +0 helmet
rElec   +          Harm     .   (no cloak)
rCorr   +          Rampage  .   (no gloves)
Will    .....                   (no boots)
Stlth   ..........              (no amulet)
HPRegen 0.18/turn               (no ring)
MPRegen 0.12/turn               (no ring)

@: resistant
A: fangs 1, strong nose, distributed training
a: Renounce Religion, Depart the Abyss, Bend Space


You were on level 4 of the Dungeon.
You worshipped Lugonu.
Lugonu was pleased with you.
You visited 1 branch of the dungeon, and saw 4 of its levels.

You collected 144 gold pieces.

Inventory:

Hand Weapons
 a - a +0 quarterstaff (weapon)
 h - a +1 hand axe of distortion
Missiles
 d - 2 throwing nets (quivered)
 g - 5 poisoned darts
 i - 11 sling bullets
 k - 4 boomerangs
 n - 32 stones
Armour
 b - a +0 leather armour
 c - a +0 helmet (worn)
 f - a +2 chain mail of cold resistance (worn)
Magical Staves
 l - a staff of poison
Potions
 e - a potion of attraction
 o - a potion of degeneration


   Skills:
 + Level 5.1 Fighting
 + Level 2.2 Short Blades
 + Level 2.2 Long Blades
 + Level 2.2 Axes
 + Level 2.2 Maces & Flails
 + Level 2.2 Polearms
 + Level 6.9 Staves
 + Level 2.2 Slings
 + Level 2.2 Bows
 + Level 2.2 Crossbows
 + Level 5.1 Throwing
 + Level 2.2 Armour
 + Level 6.9 Dodging
 + Level 2.2 Stealth
 + Level 2.2 Shields
 + Level 2.2 Unarmed Combat
 + Level 2.2 Spellcasting
 + Level 1.8 Conjurations
 + Level 1.8 Hexes
 + Level 1.8 Summonings
 + Level 1.8 Necromancy
 + Level 1.8 Translocations
 + Level 1.8 Transmutations
 + Level 1.8 Fire Magic
 + Level 1.8 Ice Magic
 + Level 1.8 Air Magic
 + Level 1.8 Earth Magic
 + Level 1.8 Poison Magic
 + Level 2.5 Invocations
 + Level 2.2 Evocations


You had 10 spell levels left.
You didn't know any spells.
Your spell library was empty.

Dungeon Overview and Level Annotations

Branches:
Dungeon (4/15)
 Temple: D:4-7

Altars:
Lugonu

Annotations:
D:3 Ijyb
D:4 Robin


Innate Abilities, Weirdness & Mutations

You have very sharp teeth.
Your uncanny sense of smell can sniff out nearby items.
Your experience applies equally to all skills.


Message History

The goblin is heavily wounded.
The jackal bites you but does no damage. x2
The goblin hits you but does no damage. The goblin hits you with a +0 dagger.
* * * LOW HITPOINT WARNING * * *
The jackal bites you but does no damage.
You closely miss the goblin.
The goblin is heavily wounded.
The jackal bites you but does no damage.
The goblin hits you but does no damage.
The jackal bites you but does no damage.
The goblin hits you but does no damage.
The jackal bites you but does no damage.
You closely miss the phantom. The jackal bites you.
* * * LOW HITPOINT WARNING * * *
The goblin hits you but does no damage. The jackal closely misses you.
The phantom barely misses you. The goblin completely misses you.
You closely miss the phantom. The jackal closely misses you.
The jackal barely misses you. The goblin hits you but does no damage.
The goblin hits you with a +0 dagger.
* * * LOW HITPOINT WARNING * * *
The phantom hits you but does no damage.
The jackal closely misses you.
You hit the phantom.
The phantom is lightly damaged.
The jackal bites you but does no damage.
The goblin closely misses you.
The jackal bites you but does no damage. x2
The phantom hits you.
* * * LOW HITPOINT WARNING * * *
The goblin hits you but does no damage.
You barely miss the phantom.
The phantom is lightly damaged.
The goblin no longer looks unusually strong.
The jackal bites you but does no damage. x2
The goblin hits you but does no damage.
Robin's bangles clink loudly.
Robin roars a battlecry!
The goblin goes into a battle-frenzy!
The phantom hits you.
You die...

.#
#.......
#.##......
........
## #......
... .....
....
.B.#.....
#hh......
#@g# #Wg#


Kgh.. .gg<##.. ..##.. ## ..[ ... ##.. ... #. ..## You could see a phantom, a
hound, Robin, 2 jackals, a giant cockroach, 4 goblins and a kobold.

Vanquished Creatures
  Grinder (D:3)
  Sigmund (D:2)
  Terence (D:2)
  5 adders
  A dart slug (D:1)
  An orc (D:3)
  6 ball pythons
  4 endoplasms
  2 giant cockroaches
  10 goblins
  6 hobgoblins
  3 jackals
  3 quokkas
  5 bats
  6 frilled lizards
  4 kobolds
  5 rats
64 creatures vanquished.

Notes
Turn   | Place    | Note
-------+----------+-------------------------------------------
     0 | D:1      | dolemite99 the Gnoll Gladiator began the quest for the Orb.
     0 | D:1      | Reached XP level 1. HP: 20/20 MP: 1/1
   125 | D:1      | Reached XP level 2. HP: 22/26 MP: 2/2
   469 | D:1      | Reached XP level 3. HP: 26/31 MP: 3/3
   952 | D:2      | Noticed Terence
   971 | D:2      | Killed Terence
   972 | D:2      | Reached skill level 1 in Short Blades
   972 | D:2      | Reached skill level 1 in Long Blades
   972 | D:2      | Reached skill level 1 in Axes
   972 | D:2      | Reached skill level 1 in Maces & Flails
   972 | D:2      | Reached skill level 1 in Polearms
   972 | D:2      | Reached skill level 1 in Slings
   972 | D:2      | Reached skill level 1 in Bows
   972 | D:2      | Reached skill level 1 in Crossbows
   972 | D:2      | Reached skill level 1 in Armour
   972 | D:2      | Reached skill level 1 in Stealth
   972 | D:2      | Reached skill level 1 in Shields
   972 | D:2      | Reached skill level 1 in Unarmed Combat
   972 | D:2      | Reached skill level 1 in Spellcasting
   972 | D:2      | Reached skill level 1 in Invocations
   972 | D:2      | Reached skill level 1 in Evocations
   972 | D:2      | Reached XP level 4. HP: 13/38 MP: 5/5
  1648 | D:2      | Reached skill level 1 in Conjurations
  1648 | D:2      | Reached skill level 1 in Hexes
  1648 | D:2      | Reached skill level 1 in Summonings
  1648 | D:2      | Reached skill level 1 in Necromancy
  1648 | D:2      | Reached skill level 1 in Translocations
  1648 | D:2      | Reached skill level 1 in Transmutations
  1648 | D:2      | Reached skill level 1 in Fire Magic
  1648 | D:2      | Reached skill level 1 in Ice Magic
  1648 | D:2      | Reached skill level 1 in Air Magic
  1648 | D:2      | Reached skill level 1 in Earth Magic
  1648 | D:2      | Reached skill level 1 in Poison Magic
  1657 | D:2      | Noticed Sigmund
  1668 | D:2      | Killed Sigmund
  1669 | D:2      | Reached XP level 5. HP: 36/43 MP: 5/7
  1669 | D:2      | Reached XP level 6. HP: 42/50 MP: 5/8
  2171 | D:3      | Found a faded altar of an unknown god.
  2243 | D:3      | Noticed Grinder
  2256 | D:3      | Paralysed by Grinder for 6 turns
  2289 | D:3      | Killed Grinder
  2290 | D:3      | Reached skill level 5 in Fighting
  2290 | D:3      | Reached skill level 5 in Throwing
  2290 | D:3      | Reached XP level 7. HP: 5/56 MP: 8/10
  2801 | D:3      | Prayed at the altar of an unknown god.
  2801 | D:3      | Became a worshipper of Lugonu the Unformed
  2801 | D:3      | Reached * piety under Lugonu
  2801 | D:3      | Reached ** piety under Lugonu
  3283 | D:3      | Noticed Ijyb
  3314 | D:4      | Noticed Robin
  3332 | D:4      | Slain by a phantom

Illustrated notes

Levels and vault maps discovered:
D:1:      lightli_arrival_boilingwater, layout_loops_ring
D:2:      layout_loops_cross, uniq_terence, uniq_sigmund
D:3:      layout_basic, shapermc_ecumenical_altar_totnotflames, hex_medium,
          uniq_ijyb, uniq_grinder
D:4:      layout_cave_pools, mainiacjoe_overflow_tiny_flanked,
          nicolae_concentric_dashed_squares_wild, uniq_robin

Skill      XL: |  1  2  3  4  5  6 |
---------------+-------------------+-----
Short Blades   | 1 2 |  2.2
Long Blades    | 1 2 |  2.2
Axes           | 1 2 |  2.2
Maces & Flails | 1 2 |  2.2
Polearms       | 1 2 |  2.2
Slings         | 1 2 |  2.2
Bows           | 1 2 |  2.2
Crossbows      | 1 2 |  2.2
Armour         | 1 2 |  2.2
Stealth        | 1 2 |  2.2
Shields        | 1 2 |  2.2
Unarmed Combat | 1 2 |  2.2
Spellcasting   | 1 2 |  2.2
Invocations    | 1 2 |  2.5
Evocations     | 1 2 |  2.2
Conjurations   | 1 |  1.8
Hexes          | 1 |  1.8
Summonings     | 1 |  1.8
Necromancy     | 1 |  1.8
Translocations | 1 |  1.8
Transmutations | 1 |  1.8
Fire Magic     | 1 |  1.8
Ice Magic      | 1 |  1.8
Air Magic      | 1 |  1.8
Earth Magic    | 1 |  1.8
Poison Magic   | 1 |  1.8
Fighting       | 5 |  5.1
Throwing       | 5 |  5.1
Staves         | |  6.9
Dodging        | |  6.9

Action                   |  1- 3 |  4- 6 |  7- 9 || total
-------------------------+-------+-------+-------++-------
Melee: Quarterstaff      |    88 |    72 |    34 ||   194
       Bite              |     7 |     6 |       ||    13
Throw: Dart              |       |     5 |       ||     5
       Throwing net      |       |     1 |       ||     1
  Use: Potion            |     2 |     5 |     3 ||    10
       Scroll            |       |     2 |     2 ||     4
 Stab: Sleeping          |     1 |       |       ||     1
Armor: Leather armour    |    14 |       |       ||    14
       Chain mail        |       |    30 |    60 ||    90
Dodge: Dodged            |    61 |    22 |    30 ||   113

Table legend: (Time is in decaauts)
 A = Elapsed time spent in this place.
 B = Non-inter-level travel time spent in this place.
 C = Inter-level travel time spent in this place.
 D = Time resting spent in this place.
 E = Time spent auto-exploring this place.
 F = Levels seen in this place.
 G = Mean time per level.
                   A        B        C        D        E       F      G
               +--------+--------+--------+--------+--------+-----+--------+
         Total |   3319 |   3244 |     75 |    817 |   1883 |   4 |  829.8 |
       Dungeon |   3319 |   3244 |     75 |    817 |   1883 |   4 |  829.8 |
               +--------+--------+--------+--------+--------+-----+--------+

Top non-repeatable levels by time:
     D:2: 1332 daAuts
     D:3: 1125 daAuts
     D:1: 841 daAuts
     D:4: 19 daAuts
